[Event "Belgrade RAD 30"]
[Site "Belgrade"]
[Date "1977.01.23"]
[Round "7.7"]
[White "Velimirovic, Dragoljub"]
[Black "Weinstein, Norman"]
[Result "0-1"]
[ECO "B84"]
[WhiteElo "2525"]
[BlackElo "2475"]
[Annotator "Weinstein,N"]
[PlyCount "80"]
[EventDate "1977.01.15"]
[EventType "tourn"]
[EventRounds "13"]
[EventCountry "SRB"]
[EventCategory "9"]
[SourceTitle "EXT 2010"]
[Source "ChessBase"]
[SourceDate "2010.11.25"]
[SourceVersion "1"]
[SourceVersionDate "2010.11.25"]
[SourceQuality "1"]
[TimeControl "40/9000:16/5400:0"]

1. e4 c5 2. Nf3 Nc6 3. d4 cxd4 4. Nxd4 e6 5. Nc3 Qc7 6. Be2 a6 7. f4 d6 8. Be3
Nf6 9. Qd2 Be7 10. O-O-O O-O 11. g4 Nxd4 12. Qxd4 $146 (12. Bxd4 b5 13. g5 Nd7
14. f5 b4 15. Na4 Qa5 16. f6 Bd8 17. b3 Bb7 18. fxg7 Re8 19. h4 Bxe4 20. Rhf1
Ne5 21. Nc5 Bg6 22. h5 Bf5 23. g6 Qxa2 24. Rxf5 exf5 25. Qh6 fxg6 26. hxg6 hxg6
27. Qh8+ Kf7 28. Qxe8+ {1-0 (28) Petkevich,J-Lerner,K Kaliningrad 1973}) 12...
b5 13. f5 e5 14. Qd3 b4 15. Nd5 Nxd5 16. exd5 Bd7 (16... a5 $1 ) 17. Qe4 Bb5 18. Rd2 Rfc8 19. Kb1 Bxe2 20. Rxe2 Rab8 21. g5 Qc4
22. Qg2 a5 23. g6 fxg6 24. fxg6 hxg6 25. Rg1 g5 26. h4 a4 27. b3 axb3 28. axb3
Qa6 29. Bc1 Ra8 30. Bb2 Qa2+ 31. Kc1 Qxb3 32. Qg4 Qxd5 33. hxg5 b3 34. g6 Rc4
35. Qh3 Rh4 36. Qf5 Rf8 37. Qd7 Rh1 38. Ree1 Bg5+ 39. Kb1 bxc2+ 40. Kxc2 Rxg1
0-1